 Dungeon Crawl Stone Soup version 0.31-a0-161-gb58dd9be76 (webtiles) character file.

Game seed: 12516226810793908350

54 qw the Shooter (level 3, -5/32 HPs)
             Began as a Naga Hunter on June 12, 2023.
             Killed from afar by an orc wizard (8 damage)
             ... with a magic dart
             ... on level 3 of the Dungeon.
             The game lasted 00:00:29 (1382 turns).

qw the Shooter (Naga Hunter)                        Turns: 1382, Time: 00:00:30

Health: -5/32      AC:  2    Str: 13    XL:     3   Next: 91%
Magic:  3/3        EV:  9    Int:  9    God:
Gold:   89         SH:  0    Dex: 16    Spells: 2/2 levels left

rFire   . . .        Y - +1 shortbow (flame)
rCold   . . .        (shield currently unavailable)
rNeg    . . .        c - +0 leather armour
rPois   +            (no helmet)
rElec   .            (no cloak)
rCorr   .            (no gloves)
SInv    +            (no barding)
Will    .....        (no amulet)
Stlth   ++           (no ring)
HPRegen 0.25/turn    (no ring)
MPRegen 0.08/turn

%: no passive effects
@: lethally poisoned (-5 -> -13), about to teleport, short of breath, very slow
A: AC +1, large, see invisible, deformed body, poison resistance, slowness 2,
spit poison 1, naga tail 1
a: Spit Poison


You were on level 3 of the Dungeon.
You visited 1 branch of the dungeon, and saw 3 of its levels.

You collected 89 gold pieces.


Innate Abilities, Weirdness & Mutations

Your serpentine skin is tough. (AC +1)
You have supernaturally acute eyesight. (SInv)
Armour fits poorly on your strangely shaped body.
Your system is resistant to poisons. (rPois)
You cover ground very slowly.
You can spit poison.
You have a snake-like lower body.


   Skills:
 - Level 2.0 Fighting
 + Level 4.9 Ranged Weapons
 - Level 1.5 Dodging
 - Level 1.5 Stealth


You had 2 spell levels left.
You didn't know any spells.
Your spell library was empty.

Inventory:

Hand Weapons
 b - the +0 shortbow of Feral Guilt {speed, Fragile rC+ Stlth+}
   (You found it on level 2 of the Dungeon)

   rC:        It protects you from cold.
   Fragile:   It will be destroyed if unequipped.
   Stlth:     It makes you more stealthy.
 Y - a +1 shortbow of flaming (weapon)
Armour
 c - a +0 leather armour (worn)
Jewellery
 e - a ring of protection from cold
Scrolls
 a - a scroll of identify
 d - a scroll of acquirement {unknown}

Dungeon Overview and Level Annotations

Branches:
Dungeon (3/15)

Altars:


Message History

Press: ? - help, Shift-Dir - straight line, f/p - orc wizard The splash of poison hits the orc wizard.
The orc wizard is poisoned.
The orc wizard is moderately wounded.
The orc hits you with a +0 club.
The orc wizard hits you with a +1 dagger of venom.
You shoot an arrow. The arrow misses the orc wizard.
The orc barely misses you.
The orc wizard hits you with a +1 dagger of venom.
You are poisoned.
A ball python comes into view.
You shoot an arrow.
The arrow closely misses the orc wizard.
The ball python hisses angrily.
You feel very sick. The orc completely misses you.
The orc wizard barely misses you.
The orc wizard hits you with a +1 dagger of venom.
The orc barely misses you.
You shoot an arrow.
The arrow closely misses the orc wizard.
You have got your breath back.
You feel sick. The orc hits you but does no damage.
The orc wizard hits you with a +1 dagger of venom.
You are lethally poisoned!
1381 ||| INVOKING Spit Poison.
Aiming: Spit Poison (2% risk of failure)
Press: ? - help, Shift-Dir - straight line, f/p - orc wizard The splash of poison hits the orc wizard.
The orc wizard is severely wounded.
You feel very sick.
The orc wizard looks more healthy.
The orc barely misses you.
The orc wizard hits you with a +1 dagger of venom.
1382 ||| READING scroll of teleportation.
As you read the scroll of teleportation, it crumbles to dust.
You feel strangely unstable.
You feel very sick. The orc hits you but does no damage.
The orc wizard gestures at you while chanting.
The magic dart hits you!
You die...

.### #. # ..# ..
..###.#####.###
............... #..
............... ..
##............ #..
#####..#S..o...... ..
##.....####@# ).
##..###.....o# .#
#..###......#....o.o .#
##.####..........o...
.###..###.............%>
.##.......#.......>.)...
#....###................
..##.#..................
####.#.##...............


You could see an orc wizard, an orc and a ball python.

Vanquished Creatures
  A worm (D:2)
  3 dart slugs
  An orc (D:3)
  2 endoplasms
  3 giant cockroaches
  5 hobgoblins
  3 quokkas
  3 ball pythons
  6 bats
  2 frilled lizards
  6 goblins
  2 kobolds
  4 rats
41 creatures vanquished.

Notes
Turn   | Place    | Note
-------+----------+-------------------------------------------
     0 | D:1      | qw the Naga Hunter began the quest for the Orb.
     0 | D:1      | Reached XP level 1. HP: 19/19 MP: 1/1
     0 | D:1      | 0 ||| qw: Version: 0.2-a-29-gc1b59c4
     0 | D:1      | 0 ||| qw: Game counter: 4187
     0 | D:1      | 0 ||| qw: Always use a shield: true
     0 | D:1      | 0 ||| qw: God list: Okawaru
     0 | D:1      | 0 ||| qw: Allow faded altars: false
     0 | D:1      | 0 ||| qw: Do Orc after D:15 true
     0 | D:1      | 0 ||| qw: Do second Lair branch before Depths: true
     0 | D:1      | 0 ||| qw: Lair rune preference: random
     0 | D:1      | 0 ||| qw: Plans: Normal
     0 | D:1      | 0 ||| PLANNING D:1-11
    49 | D:1      | 49 ||| INVOKING Spit Poison.
    54 | D:1      | 54 ||| INVOKING Spit Poison.
    59 | D:1      | 59 ||| INVOKING Spit Poison.
   112 | D:1      | 112 ||| INVOKING Spit Poison.
   118 | D:1      | 118 ||| INVOKING Spit Poison.
   129 | D:1      | 129 ||| INVOKING Spit Poison.
   130 | D:1      | Reached skill level 4 in Ranged Weapons
   130 | D:1      | Reached XP level 2. HP: 26/26 MP: 2/2
   143 | D:1      | 143 ||| INVOKING Spit Poison.
   192 | D:1      | 192 ||| INVOKING Spit Poison.
   209 | D:1      | 209 ||| INVOKING Spit Poison.
   264 | D:1      | 264 ||| INVOKING Spit Poison.
   279 | D:1      | 279 ||| INVOKING Spit Poison.
   280 | D:1      | 280 ||| INVOKING Spit Poison.
   477 | D:1      | 477 ||| INVOKING Spit Poison.
   478 | D:1      | 478 ||| INVOKING Spit Poison.
   487 | D:1      | 487 ||| INVOKING Spit Poison.
   565 | D:1      | You fall into a shaft and drop 1 floor!
   593 | D:2      | 593 ||| INVOKING Spit Poison.
   596 | D:2      | 596 ||| READING 3 scrolls labelled ZAETTU WUDE.
   597 | D:2      | 597 ||| READING scroll labelled GIOFOM OPTUF.
   600 | D:2      | 600 ||| READING scroll labelled OTIEGU FENWIQU.
   601 | D:2      | 601 ||| READING scroll labelled YCEOM HIROLO.
   602 | D:2      | 602 ||| READING 2 scrolls of identify.
   602 | D:2      | 602 ||| IDENTIFYING grey potion
   603 | D:2      | 603 ||| DROPPING scroll of butterflies.
   604 | D:2      | 604 ||| DROPPING potion of invisibility.
   858 | D:2      | 858 ||| INVOKING Spit Poison.
   865 | D:2      | Identified the +0 shortbow of Feral Guilt {speed, Fragile
                  | rC+ Stlth+}
   877 | D:2      | 877 ||| INVOKING Spit Poison.
   879 | D:2      | Reached XP level 3. HP: 32/32 MP: 3/3
   881 | D:2      | 881 ||| INVOKING Spit Poison.
   918 | D:2      | 918 ||| INVOKING Spit Poison.
   922 | D:2      | 922 ||| INVOKING Spit Poison.
   925 | D:2      | 925 ||| INVOKING Spit Poison.
   929 | D:2      | 929 ||| INVOKING Spit Poison.
   950 | D:2      | 950 ||| INVOKING Spit Poison.
   969 | D:2      | 969 ||| INVOKING Spit Poison.
   993 | D:2      | 993 ||| INVOKING Spit Poison.
  1263 | D:2      | 1263 ||| READING scroll labelled SEFOST GEHUYBU.
  1264 | D:2      | 1264 ||| READING scroll labelled WINOTUZ ZOGE.
  1294 | D:3      | 1294 ||| INVOKING Spit Poison.
  1299 | D:3      | 1299 ||| INVOKING Spit Poison.
  1311 | D:3      | 1311 ||| INVOKING Spit Poison.
  1336 | D:3      | 1336 ||| INVOKING Spit Poison.
  1348 | D:3      | 1348 ||| INVOKING Spit Poison.
  1373 | D:3      | 1373 ||| Stepping ~*~*~tactically~*~*~ (outnumbered).
  1374 | D:3      | 1374 ||| INVOKING Spit Poison.
  1377 | D:3      | 1377 ||| INVOKING Spit Poison.
  1381 | D:3      | 1381 ||| INVOKING Spit Poison.
  1381 | D:3      | HP: 6/32 [orc wizard/+1 dagger of venom (3)]
  1382 | D:3      | 1382 ||| READING scroll of teleportation.
  1382 | D:3      | Killed from afar by an orc wizard

Levels and vault maps discovered:
D:1:      dpeg_arrival_signposts, layout_loops_ring
D:2:      layout_rooms
D:3:      layout_rooms, hellmonk_ghost_happy_afterlife,
          nicolae_ecumenical_lake_church

Skill      XL: |  1 |
---------------+----+-----
Ranged Weapons | 4 |  4.9
Fighting       | |  2.0
Dodging        | |  1.5
Stealth        | |  1.5

Action                     || total
---------------------------++-------
   Fire: Shortbow          ||    73
Ability: Spit Poison       ||    32
    Use: Scroll            ||     8
 Armour: Leather armour    ||     9
  Dodge: Dodged            ||    21

Table legend:
 A = Non-vault XP
 B = Vault XP
 C = Vault XP percentage of total XP
 D = Non-vault monster count
 E = Vault monster count
 F = Vault count percentage of total count
                 A         B        C        D         E       F
            +---------+---------+-------+---------+---------+-------
      Total |      78 |       0 |   0.0 |      41 |       0 |   0.0
            +---------+---------+-------+---------+---------+-------
        D:1 |      21 |       0 |   0.0 |      14 |       0 |   0.0
        D:2 |      38 |       0 |   0.0 |      18 |       0 |   0.0
        D:3 |      19 |       0 |   0.0 |       9 |       0 |   0.0
            +---------+---------+-------+---------+---------+-------
